 Dungeon Crawl Stone Soup version 5.2-56-g927a965 (console) character file.

68598 prospero the Marksminotaur (level 17, -4/156 HPs)
             Began as a Minotaur Hunter on Dec 31, 2017.
             Slain by a raiju (9 damage)
             ... created by the Abyss
             ... on level 3 of the Abyss.
             The game lasted 01:11:31 (21716 turns).

prospero the Marksminotaur (Minotaur Hunter)       Turns: 21716, Time: 01:11:32

Health: -4/156     AC:  5 (39%)Str: 30  XL:     17   Next: 25%
Magic:  27/27      EV: 11    Int: 13    God:
Gold:   1183       SH:  0    Dex: 10    Spells: 7/16 levels left

rFire    + . .     SeeInvis .   Z - +0 bardiche (freeze)
rCold    . . .     Faith    .   (shield currently unavailable)
rNeg     + . .     Spirit   .   F - +4 plate armour {rF+}
rPois    .         Reflect  .   Y - +0 hat
rElec    .                      T - +2 cloak of the Exiled Continents {rN+}
rCorr    .                      c - +2 pair of gloves
MR       ++...                  P - +1 pair of boots {Fly}
Stlth    ..........             h - amulet of regeneration
Regen    0.8/turn               N - ring of protection from magic
MPRegen  0.3/turn               n - +3 ring of slaying

@: corroded, flying
A: retaliatory headbutt, horns 2, clever, deformed body, screaming 1, strong
}: 1/9 runes: gossamer
a: Stop Flying


You were on level 3 of the Abyss.
You were not hungry.

You visited 4 branches of the dungeon, and saw 22 of its levels.
You visited the Abyss 1 time.
You also visited: Bailey and Volcano.

You collected 3620 gold pieces.
You spent 2437 gold pieces at shops.

Inventory:

Hand Weapons
 a - a +5 longbow of freezing
 Z - a +0 bardiche of freezing (weapon)
Missiles
 d - 6 arrows
Armour
 c - a +2 pair of gloves (worn)
 F - a +4 plate armour of fire resistance (worn)
 P - a +1 pair of boots of flying (worn)
 T - the +2 cloak of the Exiled Continents (worn) {rN+}
   (You found it on level 2 of the Spider Nest)

   It protects you from negative energy.
 Y - a +0 hat (worn)
Jewellery
 b - an uncursed ring of fire
 h - an amulet of regeneration (around neck)
 l - an uncursed ring of wizardry
 n - a +3 ring of slaying (right hand)
 t - a +5 ring of intelligence
 y - a +5 ring of dexterity
 A - a +3 ring of protection
 C - a +3 ring of evasion
 E - an uncursed ring of protection from magic
 I - the ring of Hoamnoph {-Tele rF+++ MR+ Str-5 Stlth+}
   (You found it on level 12 of the Dungeon)

   [ring of protection from magic]

   It affects your strength (-5).
   It renders you almost immune to fire.
   It affects your resistance to hostile enchantments.
   It prevents most forms of teleportation.
   It makes you more stealthy.
 N - a ring of protection from magic (left hand)
Wands
 e - a wand of confusion (26)
 r - a wand of acid (2)
 s - a wand of digging (6)
 v - a wand of iceblast (6)
 G - a wand of flame (22)
 M - a wand of enslavement (9)
 Q - a wand of polymorph (12)
 S - a wand of lightning (7)
Scrolls
 f - 2 scrolls of summoning
 j - 4 scrolls of teleportation
 m - 2 scrolls of blinking
 q - 3 scrolls of fog
 u - 2 scrolls of fear
 x - 2 scrolls of magic mapping
 z - a scroll of holy word
 B - 4 scrolls of amnesia
 H - a scroll of brand weapon
Potions
 g - a potion of flight
 i - 3 potions of mutation
 k - 7 potions of lignification
 o - 5 potions of magic
 p - 2 potions of haste
 w - 3 potions of berserk rage
 J - 2 potions of augmentation
 K - 3 potions of cancellation
 O - 3 potions of curing
 U - 7 potions of ambrosia
Miscellaneous
 D - a fan of gales
 R - 2 sacks of spiders
 W - a phantom mirror
 X - a disc of storms


   Skills:
 - Level 15.0 Fighting
 - Level 1.9(5.4) Axes
 + Level 8.1(8.2) Polearms
 - Level 20.0 Bows
 - Level 15.0 Armour
 - Level 6.1 Dodging
 - Level 0.7 Stealth
   Level 15.0 Invocations


You had 7 spell levels left.
You knew the following spells:

 Your Spells              Type           Power        Failure   Level  Hunger
a - Deflect Missiles      Chrm/Air       0 (200)      100%        6    N/A
b - Infusion              Chrm           0 (25)       86%         1    N/A
c - Song of Slaying       Chrm           0 (100)      94%         2    N/A

Dungeon Overview and Level Annotations

Branches:
Dungeon (15/15) Spider (3/3) Orc:2 Slime (0/4) Orc:2 Orc (2/2) D:15 Vaults (2/3) D:15 Spider:3 Depths (0/3) D:15 Swamp: Orc:2 Shoals: Orc:2

Altars:
Cheibriados
Dithmenos
Elyvilon
Gozag
Hepliaklqana
Jiyva
Kikubaaqudgha
Makhleb
Nemelex Xobeh
Okawaru
Qazlal
Ru
Sif Muna
Trog
Uskayaw
Vehumet
Wu Jian
Xom
Yredelemnul
Zin
The Shining One

Shops:
D:10 (   D:12 :   Orc:2 *}=*


Innate Abilities, Weirdness & Mutations

You reflexively headbutt those who attack you in melee.
You have a pair of horns on your head.
Your mind is acute. (Int +5)
Armour fits poorly on your strangely shaped body.
You occasionally shout uncontrollably at your foes.
Your muscles are strong. (Str +5)


Message History

* * * LOW HITPOINT WARNING * * *
The raiju shocks you (7)!
* * * LOW HITPOINT WARNING * * *
You miss the raiju. Your headbutt misses the raiju. The raiju misses you.
The rust devil misses you. You furiously retaliate!
You headbutt the rust devil, but do no damage.
The raiju bites you (3).
* * * LOW HITPOINT WARNING * * *
The raiju shocks you (8)!
* * * LOW HITPOINT WARNING * * *
The raiju bites you (4).
* * * LOW HITPOINT WARNING * * *
The raiju shocks you (8)!
* * * LOW HITPOINT WARNING * * *
The rust devil hits you (0). The rust devil corrodes you!
Unknown command.
You completely miss the raiju. The raiju bites you (6).
* * * LOW HITPOINT WARNING * * *
The raiju shocks you (9)!
You die...

.. .# #.. . # #
#.. ## .# .. ..##.
..#. ##....###. ..
#.. . . .##.# #. .
##.#...# #.
#.......#
#..###.###....#
.3#.#.#.4##...#..#
......h@#.....#.##
.##.#.#h.###. .#
..### ##.#..#. # #
. ..#. ## #.# .. .
.# ##..#.# . .
§..# . #. #.. . .#
# .... §..... §..
.# ... . .. .# . ♣
... §§ . # .. .
.... § . . . . # ≈
. §. ... #.


You could see a soul eater, a rust devil and 2 raiju.

Vanquished Creatures
  Boris (Vaults:2)
  Arachne (Spider:2)
  Kirke (Spider:1)
  2 tentacled starspawn
  Donald (Spider:2)
  Agnes (Spider:1)
  A daeva (Abyss:3)
  A frost giant (Vaults:1)
  A fire giant (Vaults:2)
  An emperor scorpion (Spider:3)
  8 ghost moths
  2 vault wardens
  An ironheart preserver (Vaults:1)
  A stone giant (Vaults:2)
  An entropy weaver (Spider:1)
  2 halazid warlocks (Vaults:2)
  A spark wasp (Spider:3)
  4 yaktaur captains
  A great orb of eyes (Vaults:1)
  5 vault guards
  A rakshasa (Vaults:1)
  A centaur warrior (D:14)
  15 two-headed ogres
  4 ogre magi
  2 tengu warriors (D:13)
  5 death yaks (D:14)
  A skeletal warrior (D:15)
  2 wretched stars (Abyss:3)
  An unseen horror (D:13)
  A deep troll (D:15)
  2 wizards
  2 necromancers (Vaults:1)
  10 ironbrand convokers
  3 deep elf magi
  Pikel (D:5)
  4 harpies (Vaults:1)
  A wolf spider zombie (D:15)
  7 hornets (Spider:3)
  3 cyclopes
  6 orc knights
  A tengu skeleton (Vaults:1)
  2 orc sorcerers
  18 wolf spiders
  3 manticores
  20 ugly things
  A worldbinder (Abyss:3)
  A moth of wrath (Spider:1)
  2 black mambas
  12 orb spiders
  5 vault sentinels
  A smoke demon (Abyss:3)
  2 torpor snails
  2 gargoyles
  An orb spider (shapeshifter) (Vaults:2)
  An orange demon (Abyss:3)
  5 spiny frogs
  A redback zombie (D:15)
  5 demonic crawlers
  An emperor scorpion zombie (Abyss:2)
  A komodo dragon (shapeshifter) (Vaults:1)
  13 yaktaurs
  2 ancient zymes (Abyss:2)
  2 freezing wraiths
  5 trolls
  27 jumping spiders
  A queen bee (Orc:1)
  9 meliai
  A queen bee (shapeshifter) (D:15)
  2 polar bears (D:14)
  Prince Ribbit (D:7)
  2 slime creatures (D:15)
  A raiju (shapeshifter) (D:15)
  2 large abominations (Abyss:2)
  2 flying skulls (Volcano)
  9 blink frogs
  A water elemental (D:14)
  Sigmund (D:6)
  A shadow (D:11)
  28 tarantellas
  A ynoxinul (Abyss:3)
  65 redbacks
  3 hogs (Spider:1)
  7 starcursed masses
  6 wyverns
  6 vampires
  A wraith (D:12)
  3 angry ghosts
  4 fire elementals
  A neqoxec (Abyss:2)
  2 steam dragons
  A warg (Orc:1)
  A soldier ant (shapeshifter) (D:15)
  A water moccasin (D:7)
  2 spiny frog zombies (D:9)
  Duvessa (D:6)
  5 hell hounds
  3 human zombies (Vaults:1)
  An eye of draining (shapeshifter) (Vaults:2)
  An ice beast (D:11)
  A slave (D:5)
  21 orc warriors
  2 black bears
  A spiny frog skeleton (D:9)
  A wasp (Spider:2)
  A phantom (D:8)
  5 boggarts (Vaults:2)
  28 ogres
  A blink frog zombie (D:8)
  14 centaurs
  Blork the orc (D:5)
  3 small abominations (Abyss:2)
  A wyvern zombie (D:13)
  2 human skeletons (Vaults:1)
  Dowan (D:6)
  A bullfrog (D:8)
  A water moccasin zombie (D:5)
  2 scorpions
  A wyvern skeleton (D:10)
  4 crimson imps
  26 killer bees
  2 electric eels
  9 wights
  A howler monkey (D:4)
  3 centaur zombies
  3 lava snakes (D:12)
  3 jellies
  6 hounds
  13 orc priests
  15 orc wizards
  8 centaur skeletons
  4 worker ants
  5 iguanas
  A mummy (Volcano)
  A howler monkey zombie (D:6)
  6 gnolls
  An adder (D:2)
  2 shadow imps
  2 white imps (Abyss:2)
  3 oozes
  5 dart slugs
  46 orcs
  5 quokkas
  A ball python (D:1)
  10 bats
  A giant cockroach (D:3)
  7 goblins
  10 hobgoblins
  12 jackals
  5 frilled lizards
  A jackal skeleton (D:4)
  15 kobolds
  10 rats
  2 starspawn tentacles (Abyss:3)
755 creatures vanquished.

Vanquished Creatures (collateral kills)
  Nikola (Spider:3)
  An emperor scorpion (Spider:3)
  A rakshasa (D:15)
  5 two-headed ogres
  An ogre mage (Orc:2)
  2 skeletal warriors (D:15)
  A glowing orange brain (D:15)
  A hornet (Spider:3)
  A wolf spider (Spider:3)
  An ugly thing (D:12)
  A guardian serpent (shapeshifter) (D:15)
  A rime drake (shapeshifter) (D:15)
  3 demonic crawlers
  A jumping spider (Spider:3)
  2 slime creatures (D:15)
  A tarantella (shapeshifter) (D:12)
  A warg (Orc:1)
  A floating eye (shapeshifter) (D:15)
  An orc warrior (Orc:1)
  3 ogres
  8 killer bees (Orc:1)
  An orc priest (Orc:1)
  An orc (Orc:1)
40 creatures vanquished.

Vanquished Creatures (others)
  A quasit (D:5)
  3 starspawn tentacles
4 creatures vanquished.

Grand Total: 799 creatures vanquished

Notes
Turn   | Place    | Note
-------+----------+-------------------------------------------
     0 | D:1      | prospero the Minotaur Hunter began the quest for the Orb.
     0 | D:1      | Reached XP level 1. HP: 18/18 MP: 0/0
   182 | D:1      | Reached XP level 2. HP: 20/25 MP: 1/1
   187 | D:1      | Reached skill level 5 in Bows
   364 | D:1      | Reached XP level 3. HP: 27/30 MP: 2/2
   946 | D:2      | Found a glowing golden altar of the Shining One.
  1150 | D:2      | Reached skill level 6 in Bows
  1351 | D:2      | Found an ancient bone altar of Kikubaaqudgha.
  1449 | D:2      | Became a worshipper of the Shining One
  1485 | D:3      | Reached XP level 4. HP: 27/37 MP: 3/3
  1742 | D:3      | Found a radiant altar of Vehumet.
  1825 | D:3      | Reached XP level 5. HP: 38/42 MP: 4/4
  1826 | D:3      | Reached skill level 7 in Bows
  1885 | D:3      | Found an ornate altar of the Wu Jian Council.
  1993 | D:3      | Found an opulent altar of Gozag.
  2309 | D:4      | Reached skill level 8 in Bows
  2309 | D:4      | Reached XP level 6. HP: 50/50 MP: 5/5
  2476 | D:4      | Found a white marble altar of Elyvilon.
  2477 | D:4      | Found a hazy altar of Hepliaklqana.
  2882 | D:4      | Reached skill level 9 in Bows
  2958 | D:4      | Found a burning altar of Makhleb.
  2958 | D:4      | Reached * piety under the Shining One
  3008 | D:5      | Entered Level 5 of the Dungeon
  3008 | D:5      | Found a sparkling altar of Nemelex Xobeh.
  3017 | D:5      | Reached XP level 7. HP: 55/56 MP: 6/6
  3050 | D:5      | Noticed Pikel
  3069 | D:5      | Killed Pikel
  3069 | D:5      | Reached skill level 10 in Bows
  3226 | D:5      | Found a sacrificial altar of Ru.
  3287 | D:5      | Reached XP level 8. HP: 62/62 MP: 7/7
  3320 | D:5      | Reached skill level 11 in Bows
  3552 | D:5      | Found a basalt altar of Yredelemnul.
  3554 | D:5      | Noticed Blork the orc
  3562 | D:5      | Killed Blork the orc
  3714 | D:5      | Found a glowing silver altar of Zin.
  3732 | D:5      | Found a viscous altar of Jiyva.
  3834 | D:5      | Found a shimmering altar of Xom.
  3880 | D:5      | Found an iron altar of Okawaru.
  3957 | D:6      | Noticed Duvessa
  3960 | D:6      | Noticed Dowan
  3961 | D:6      | Reached skill level 12 in Bows
  3968 | D:6      | Killed Duvessa
  3972 | D:6      | Killed Dowan
  4018 | D:6      | Noticed Sigmund
  4024 | D:6      | Killed Sigmund
  4024 | D:6      | Reached skill level 5 in Fighting
  4058 | D:6      | Found a hide-covered altar of Uskayaw.
  4108 | D:6      | Got the +0 robe of Duck's Teeth {*Drain rElec rC+++ rN+}
  4404 | D:6      | Reached XP level 9. HP: 78/78 MP: 8/8
  4426 | D:6      | Found a snail-covered altar of Cheibriados.
  4535 | D:6      | Found a deep blue altar of Sif Muna.
  4699 | D:7      | Found a shadowy altar of Dithmenos.
  4738 | D:7      | Found a stormy altar of Qazlal.
  4762 | D:7      | Reached ** piety under the Shining One
  4915 | D:7      | Found a bloodstained altar of Trog.
  4950 | D:7      | Noticed Prince Ribbit
  4958 | D:7      | Killed Prince Ribbit
  5108 | D:7      | Found a burning altar of Makhleb.
  5540 | D:8      | Reached skill level 10 in Fighting
  5676 | D:8      | Reached *** piety under the Shining One
  5755 | D:8      | Noticed a two-headed ogre
  5763 | D:8      | Killed a two-headed ogre
  5763 | D:8      | Reached skill level 13 in Bows
  5763 | D:8      | Reached XP level 10. HP: 83/93 MP: 9/9
  6376 | D:9      | Reached skill level 14 in Bows
  6405 | D:9      | Reached skill level 1 in Armour
  6679 | D:9      | Reached **** piety under the Shining One
  6890 | D:9      | Found a shimmering altar of Xom.
  7063 | D:10     | Entered Level 10 of the Dungeon
  7181 | D:10     | Noticed a black mamba
  7189 | D:10     | Killed a black mamba
  7189 | D:10     | Reached skill level 5 in Armour
  7258 | D:10     | Found Hagre's Weapon Emporium.
  7347 | D:10     | Found a flagged portal.
  7358 | Bailey   | Entered a bailey
  7409 | Bailey   | Noticed an orc knight
  7466 | Bailey   | Killed an orc knight
  7655 | Bailey   | Found a burning altar of Makhleb.
  8218 | D:11     | Noticed a cyclops
  8231 | D:11     | Killed a cyclops
  8231 | D:11     | Reached XP level 11. HP: 56/99 MP: 10/10
  8523 | D:11     | Reached skill level 10 in Armour
  8566 | D:11     | Reached skill level 1 in Invocations
  9566 | D:11     | Reached skill level 5 in Invocations
  9626 | D:11     | Noticed a deep elf mage
  9631 | D:11     | Killed a deep elf mage
  9795 | D:11     | Learned a level 6 spell: Deflect Missiles
  9980 | D:12     | Got the ring of Hoamnoph {-Tele rF+++ MR+ Str-5 Stlth+}
 10341 | D:12     | Reached ***** piety under the Shining One
 10354 | D:12     | Found Qosorurph's Book Shop.
 10360 | D:12     | Bought a book of Battle for 520 gold pieces
 10362 | D:12     | Learned a level 1 spell: Infusion
 10365 | D:12     | Learned a level 2 spell: Song of Slaying
 10452 | D:12     | Noticed a red ugly thing
 10478 | D:12     | Killed a red ugly thing
 11082 | D:12     | Reached XP level 12. HP: 106/106 MP: 18/18
 11389 | D:13     | Reached skill level 10 in Invocations
 11743 | D:13     | Noticed a tengu warrior
 11762 | D:13     | Killed a tengu warrior
 11763 | D:13     | Noticed a tengu warrior
 11783 | D:13     | Killed a tengu warrior
 12306 | D:14     | Noticed a centaur warrior
 12317 | D:14     | Killed a centaur warrior
 12328 | D:14     | Reached skill level 15 in Bows
 12432 | D:14     | HP: 3/110 [acid (6)]
 12578 | D:14     | Found a dark tunnel.
 12584 | Volcano  | Entered a volcano
 13320 | D:14     | Reached XP level 13. HP: 116/116 MP: 19/19
 13326 | D:14     | Reached skill level 16 in Bows
 13378 | D:14     | Found a bloodstained altar of Trog.
 13716 | D:14     | Reached skill level 17 in Bows
 14003 | D:15     | Entered Level 15 of the Dungeon
 14030 | D:15     | Found a staircase to the Orcish Mines.
 14289 | D:15     | Gained mutation: Your body sometimes deteriorates upon taking damage. [a shining eye]
 14291 | D:15     | Reached skill level 18 in Bows
 14293 | D:15     | Lost mutation: Your body sometimes deteriorates upon taking damage. [potion of mutation]
 14293 | D:15     | Gained mutation: Your muscles are strong. (Str +5) [potion of mutation]
 14293 | D:15     | Gained mutation: You occasionally shout uncontrollably at your foes. [potion of mutation]
 14293 | D:15     | Gained mutation: Your mind is acute. (Int +5) [potion of mutation]
 14326 | D:15     | Found a staircase to the Depths.
 14398 | D:15     | Found a sacrificial altar of Ru.
 14525 | D:15     | Found a gate to the Vaults.
 14880 | Orc:1    | Entered Level 1 of the Orcish Mines
 15030 | Orc:1    | Reached XP level 14. HP: 113/124 MP: 20/20
 15171 | Orc:1    | Reached skill level 19 in Bows
 15410 | Orc:2    | Entered Level 2 of the Orcish Mines
 15542 | Orc:2    | Reached skill level 20 in Bows
 15648 | Orc:2    | Found Lualomau's Assorted Antiques.
 15648 | Orc:2    | Found Katieb's Jewellery Shoppe.
 15648 | Orc:2    | Found Toukla's Gadget Shoppe.
 15648 | Orc:2    | Found Liucwuah's Assorted Antiques.
 15807 | Orc:2    | Found a staircase to the Slime Pits.
 16024 | Orc:2    | Found a hole to the Spider Nest.
 16162 | Orc:2    | Bought a +3 ring of slaying for 540 gold pieces
 16163 | Orc:2    | Bought a potion of haste for 270 gold pieces
 16165 | Orc:2    | Bought a scroll of enchant armour for 187 gold pieces
 16165 | Orc:2    | Bought a scroll of teleportation for 75 gold pieces
 16165 | Orc:2    | Bought a potion of curing for 75 gold pieces
 16165 | Orc:2    | Bought a potion of haste for 250 gold pieces
 16166 | Orc:2    | Bought a sack of spiders for 260 gold pieces
 16166 | Orc:2    | Bought a sack of spiders for 260 gold pieces
 16221 | Spider:1 | Entered Level 1 of the Spider Nest
 16464 | Spider:1 | Noticed Agnes
 16468 | Spider:1 | Killed Agnes
 16546 | Spider:1 | Noticed an entropy weaver
 16551 | Spider:1 | Killed an entropy weaver
 16855 | Spider:1 | Noticed Kirke
 16861 | Spider:1 | Reached XP level 15. HP: 134/134 MP: 22/22
 16867 | Spider:1 | Killed Kirke
 17280 | Spider:2 | Got the +2 cloak of the Exiled Continents {rN+}
 17304 | Spider:2 | Noticed Donald
 17311 | Spider:2 | Killed Donald
 17319 | Spider:2 | Reached ****** piety under the Shining One
 17321 | Spider:2 | Noticed Arachne
 17333 | Spider:2 | Killed Arachne
 17677 | Spider:3 | Entered Level 3 of the Spider Nest
 17824 | Spider:3 | Noticed Nikola
 17832 | Spider:3 | Killed Nikola
 17984 | Spider:3 | Noticed a ghost moth
 17986 | Spider:3 | Killed a ghost moth
 18354 | Spider:3 | Reached XP level 16. HP: 147/147 MP: 24/24
 18739 | Spider:3 | Reached skill level 15 in Armour
 18746 | Spider:3 | Reached skill level 15 in Fighting
 18747 | Spider:3 | Found a gate to the Vaults.
 18761 | Spider:3 | Got a gossamer rune of Zot
 18969 | Vaults:1 | Entered Level 1 of the Vaults
 19972 | Vaults:1 | Reached skill level 15 in Invocations
 20117 | Vaults:1 | Reached skill level 1 in Axes
 20730 | Vaults:2 | Reached skill level 1 in Polearms
 20866 | Vaults:2 | Reached skill level 5 in Dodging
 21034 | Vaults:2 | Reached XP level 17. HP: 138/156 MP: 27/27
 21096 | Vaults:2 | Noticed Boris
 21105 | Vaults:2 | Killed Boris
 21105 | Vaults:2 | Reached skill level 5 in Polearms
 21391 | Vaults:2 | Cast into level 1 of the Abyss (a deep elf demonologist)
 21392 | Abyss:1  | Found a corrupted altar of Lugonu.
 21400 | Abyss:2  | Found a corrupted altar of Lugonu.
 21546 | Abyss:2  | Paralysed by accursed screaming for 1 turns
 21587 | Abyss:3  | Found a corrupted altar of Lugonu.
 21685 | Abyss:3  | Was placed under penance by the Shining One
 21698 | Abyss:3  | Gained mutation: Armour fits poorly on your strangely shaped body. [a wretched star]
 21699 | Abyss:3  | Fell from the grace of the Shining One
 21716 | Abyss:3  | HP: 5/156 [raiju[the Abyss] (6)]
 21716 | Abyss:3  | Slain by a raiju

Skill      XL: |  1  2  3  4  5  6  7  8  9 10 11 12 13 14 15 16 17 |
---------------+----------------------------------------------------+-----
Bows           | 5 6 8 9 10 12 13 14 15 18 20 | 20.0
Fighting       | 6 10 11 12 14 15 | 15.0
Armour         | 9 10 11 12 14 15 | 15.0
Invocations    | 9 10 11 12 15 | 15.0
Axes           | 1 |  1.9
Dodging        | 5 6 |  6.1
Polearms       | 4 8 |  8.1
Stealth        | |  0.7

Action                   |  1- 3 |  4- 6 |  7- 9 | 10-12 | 13-15 | 16-18 || total
-------------------------+-------+-------+-------+-------+-------+-------++-------
Melee: Longbow           |       |       |       |     1 |       |       ||     1
       Bardiche          |       |       |       |       |       |    12 ||    12
       Headbutt          |       |       |       |       |       |     4 ||     4
 Fire: Shortbow          |   109 |   159 |   336 |   741 |       |       ||  1345
       Longbow           |       |       |       |    98 |   745 |   525 ||  1368
 Cast: Infusion          |       |       |       |     1 |       |       ||     1
       Song of Slaying   |       |       |       |     1 |       |       ||     1
Invok: Divine Shield     |       |       |       |     2 |     1 |       ||     3
       Summon Divine War |       |       |       |     1 |     5 |     1 ||     7
       Cleansing Flame   |       |       |       |     2 |     7 |       ||     9
Evoke: Wand              |       |       |     6 |       |     1 |       ||     7
  Use: Scroll            |     1 |       |       |     9 |     4 |     1 ||    15
       Potion            |       |       |       |    11 |     6 |     1 ||    18
Armor: Leather armour    |     1 |       |       |       |       |       ||     1
       Scale mail        |     3 |       |       |       |       |       ||     3
       Chain mail        |     6 |    38 |    79 |    60 |    46 |    57 ||   286
       Plate armour      |       |       |       |   197 |   256 |   109 ||   562
Dodge: Dodged            |    17 |    13 |    59 |   109 |   228 |   102 ||   528
Block: Other             |       |       |       |     7 |    21 |       ||    28
